 Dungeon Crawl Stone Soup version 0.31-a0-174-g85c54bcb58 (webtiles) character file.

Game seed: 3434842911033153635

129 qw the Shooter (level 5, 0/32 HPs)
             Began as a Gargoyle Hunter on June 15, 2023.
             Slain by an orc priest
             ... wielding a +0 hand axe
              (4 damage)
             ... on level 3 of the Dungeon.
             The game lasted 00:00:47 (1518 turns).

qw the Shooter (Gargoyle Hunter)                    Turns: 1518, Time: 00:00:48

Health: 0/32       AC:  8    Str: 14    XL:     5   Next: 12%
Magic:  5/5        EV: 11    Int: 10    God:
Gold:   108        SH:  0    Dex: 15    Spells: 4/4 levels left

rFire   . . .        Y - +0 shortbow
rCold   . . .        (shield currently unavailable)
rNeg    + . .        c - +0 leather armour
rPois   inf          (no helmet)
rElec   +            (no cloak)
rCorr   .            (no gloves)
SInv    .            k - +0 pair of boots
Will    .....        d - amulet of faith
Stlth   ++           (no ring)
HPRegen 0.25/turn    (no ring)
MPRegen 0.09/turn

%: faith
@: no status effects
A: sickness immunity, AC +4, negative energy resistance 1, electricity
resistance, torment resistance 1, petrification resistance
a: no special abilities


You were on level 3 of the Dungeon.
You visited 1 branch of the dungeon, and saw 3 of its levels.

You collected 108 gold pieces.


Innate Abilities, Weirdness & Mutations

You are immune to sickness and miasma.
Your stone body is resilient. (AC +4)
You are immune to poison.
You resist negative energy. (rN+)
You are resistant to electric shocks. (rElec)
You are resistant to unholy torment.
You are immune to petrification.


   Skills:
 - Level 3.0 Fighting
 - Level 6.0 Ranged Weapons
 + Level 0.0 Armour
 - Level 1.5 Dodging
 - Level 1.1 Stealth


You had 4 spell levels left.
You didn't know any spells.
Your spell library was empty.

Inventory:

Hand Weapons
 Y - a +0 shortbow (weapon)
Armour
 c - a +0 leather armour (worn)
 k - a +0 pair of boots (worn)
Jewellery
 d - an amulet of faith (around neck)
Scrolls
 a - 4 scrolls of teleportation
Potions
 e - a potion of might
 g - a potion of curing
 h - a potion of resistance {unknown}
 i - a potion of heal wounds {unknown}

Dungeon Overview and Level Annotations

Branches:
Dungeon (3/15)

Altars:
Wu Jian


Message History

The endoplasm barely misses you.
You shoot an arrow. The arrow hits the endoplasm.
You kill the endoplasm!
The orc priest hits you with a +0 hand axe.
The orc priest hits you but does no damage.
You shoot an arrow. The arrow hits the orc priest.
The orc priest is moderately wounded.
The adder bites you but does no damage.
The orc priest hits you but does no damage.
The orc priest closely misses you. The adder barely misses you.
You shoot an arrow.
The arrow closely misses the orc priest.
The orc priest calls upon Beogh to heal the orc priest.
The orc priest's wounds heal themselves!
The orc priest barely misses you. The adder bites you but does no damage.
The adder closely misses you.
You shoot an arrow.
The arrow closely misses the orc priest.
The adder bites you but does no damage. x2
The orc priest calls down the wrath of Beogh upon you.
Pain shoots through your body! The orc priest barely misses you.
The adder bites you but does no damage.
You shoot an arrow. The arrow hits the orc priest.
The orc priest is lightly wounded.
The adder closely misses you. The orc priest barely misses you. x2
The adder completely misses you. The adder bites you but does no damage.
You shoot an arrow.
The arrow hits the orc priest but does no damage.
The orc priest is lightly wounded.
The adder barely misses you.
The orc priest hits you with a +0 hand axe.
The orc priest misses you. The adder bites you but does no damage.
The orc priest hits you but does no damage.
The orc priest mumbles some strange prayers to Beogh against you.
You barely resist. The adder barely misses you.
You shoot an arrow. The arrow barely misses the orc priest.
The adder bites you but does no damage. The adder bites you. x2
The orc priest looks encouraged for a moment.
The orc priest hits you with a +0 hand axe.
You die...

#.......# #.......# ..
#......#######.#
#...}..........#
#..)..........## .
######...............
.###...##...........>...
.........%.......S..#...
#..............@o......
#..............So.##...
#..)...........w!....
##<../........[........
##....................
#####.............)..
##...............
#............=.. .......


You could see 2 orc priests, 2 adders and a dart slug.

Vanquished Creatures
  Jessica (D:2)
  4 adders (D:2)
  2 worms (D:2)
  A dart slug (D:1)
  2 orcs (D:3)
  8 endoplasms
  3 giant cockroaches
  6 goblins
  7 hobgoblins
  2 jackals (D:2)
  5 kobolds (D:1)
  2 quokkas
  4 ball pythons
  5 bats
  2 frilled lizards
  A rat (D:3)
55 creatures vanquished.

Notes
Turn   | Place    | Note
-------+----------+-------------------------------------------
     0 | D:1      | qw the Gargoyle Hunter began the quest for the Orb.
     0 | D:1      | Reached XP level 1. HP: 12/12 MP: 1/1
     0 | D:1      | 0 ||| qw: Version: 0.2-a-29-g511e9b1
     0 | D:1      | 0 ||| qw: Game counter: 5193
     0 | D:1      | 0 ||| qw: Always use a shield: true
     0 | D:1      | 0 ||| qw: God list: Okawaru
     0 | D:1      | 0 ||| qw: Allow faded altars: false
     0 | D:1      | 0 ||| qw: Do Orc after D:15 true
     0 | D:1      | 0 ||| qw: Do second Lair branch before Depths: true
     0 | D:1      | 0 ||| qw: Lair rune preference: random
     0 | D:1      | 0 ||| qw: Plans: Normal, Zot:1-4, Slime:5, God:TSO, Crypt,
                  | Tomb, Abyss, Pan, Hells, Win
     0 | D:1      | 0 ||| PLANNING D:1-11
   166 | D:1      | Reached XP level 2. HP: 17/17 MP: 2/2
   566 | D:1      | Reached XP level 3. HP: 21/21 MP: 3/3
   708 | D:1      | 708 ||| READING 5 scrolls labelled VIUPHIT DUMENA.
   709 | D:1      | 709 ||| READING scroll labelled CYABRA CEITENAUGH.
   810 | D:1      | 810 ||| READING 3 scrolls labelled SOCKIK RUOLIC.
   811 | D:1      | 811 ||| READING scroll labelled YCSOSHR GIFIRCH.
   812 | D:1      | 812 ||| DRINKING 2 sapphire potions.
   813 | D:1      | 813 ||| DROPPING 4 scrolls of fear.
   814 | D:1      | 814 ||| DROPPING scroll of butterflies.
   815 | D:1      | 815 ||| DROPPING 2 scrolls of noise.
   836 | D:2      | Found a faded altar of an unknown god.
   857 | D:2      | Reached skill level 5 in Ranged Weapons
   869 | D:2      | HP: 4/21 [adder (2)]
   963 | D:2      | Reached skill level 3 in Fighting
   963 | D:2      | Reached XP level 4. HP: 28/28 MP: 4/4
  1031 | D:2      | Found an ornate altar of the Wu Jian Council.
  1201 | D:2      | Noticed Jessica
  1209 | D:2      | Killed Jessica
  1345 | D:2      | Reached XP level 5. HP: 32/32 MP: 5/5
  1442 | D:2      | 1442 ||| UPGRADING to +0 pair of boots.
  1447 | D:2      | 1447 ||| UPGRADING to amulet of faith.
  1452 | D:2      | 1452 ||| READING 5 scrolls labelled ZIOWYUKH CYEF.
  1456 | D:2      | 1456 ||| READING scroll labelled VYENOS VOMITE.
  1457 | D:2      | 1457 ||| READING scroll labelled ACLE CAEKHEYNG.
  1458 | D:2      | 1458 ||| READING scroll labelled QEHULE DOWKU.
  1459 | D:2      | 1459 ||| DRINKING 2 smoky grey potions.
  1506 | D:3      | Reached skill level 6 in Ranged Weapons
  1518 | D:3      | HP: 7/32 [adder (2)]
  1518 | D:3      | Slain by an orc priest

Levels and vault maps discovered:
D:1:      nicolae_arrival_memento_mori, layout_basic
D:2:      layout_rooms, basic_altar, nicolae_ecumenical_snake_handling,
          kennysheep_jessica_study
D:3:      layout_rooms, minitemple, gammafunk_ghost_smash, solitary_fountain,
          kennysheep_generic_room_14

Skill      XL: |  1  2  3  4  5 |
---------------+----------------+-----
Ranged Weapons | 5 6 |  6.0
Fighting       | 3 |  3.0
Dodging        | |  1.5
Stealth        | |  1.1

Action                     |  1- 3 |  4- 6 || total
---------------------------+-------+-------++-------
   Fire: Shortbow          |   109 |    98 ||   207
    Use: Scroll            |     4 |     4 ||     8
         Potion            |     1 |     1 ||     2
 Armour: Leather armour    |    46 |    20 ||    66
  Dodge: Dodged            |    69 |    20 ||    89

Table legend:
 A = Non-vault XP
 B = Vault XP
 C = Vault XP percentage of total XP
 D = Non-vault monster count
 E = Vault monster count
 F = Vault count percentage of total count
                 A         B        C        D         E       F
            +---------+---------+-------+---------+---------+-------
      Total |     105 |      80 |  43.2 |      48 |       7 |  12.7
            +---------+---------+-------+---------+---------+-------
        D:1 |      34 |       0 |   0.0 |      19 |       0 |   0.0
        D:2 |      54 |      80 |  59.7 |      20 |       7 |  25.9
        D:3 |      17 |       0 |   0.0 |       9 |       0 |   0.0
            +---------+---------+-------+---------+---------+-------
